Anaheim Ducks vs Washington Capitals
(R1)
Created - Thursday, June 5, 2025 at 09:27
Goals
|
| Anaheim Ducks |
0 |
2 |
0 |
2 |
| Washington Capitals |
2 |
1 |
3 |
6 |
|
Shots
|
| Anaheim Ducks |
7 |
12 |
11 |
30 |
| Washington Capitals |
21 |
7 |
15 |
43 |
|
1st period
1. Washington Capitals , Jason Robertson 1 (Nick Jensen 1, Alex Ovechkin 1) at 1:48 (PP)
2. Washington Capitals , Alex Ovechkin 1 (Jason Robertson 1, Thomas Harley 2) at 3:21
Penalties :
Alex Killorn (ANA) for Cross-checking (Minor) at 1:43, Alexey Toropchenko (ANA) for Roughing (Minor) at 5:10, Josh Manson (ANA) for High sticking (Minor) at 8:30, Josh Manson (ANA) for Slashing (Minor) at 15:16, Nick Foligno (WSH) for Roughing (Minor) at 17:47
2nd period
3. Washington Capitals , Drake Batherson 3 (Mikael Backlund 2) at 2:36
4. Anaheim Ducks , John Tavares 2 (William Nylander 2, Brayden Schenn 1) at 6:35 (PP)
5. Anaheim Ducks , John Tavares 3 (Joshua Morrissey 1, William Nylander 3) at 14:37 (PP)
Penalties :
Nico Hischier (WSH) for Interference (Minor) at 5:18, Ian Cole (WSH) for Hooking (Minor) at 14:28, Joshua Morrissey (ANA) for Hooking (Minor) at 16:32
3rd period
6. Washington Capitals , Owen Tippett 1 (Jordan Kyrou 2, Ian Cole 2) at 12:24
7. Washington Capitals , Fabian Zetterlund 2 (Ian Cole 3) at 14:40
8. Washington Capitals , Alex Ovechkin 2 (Nico Hischier 1) at 17:24 (PP)
Penalties :
Brayden Schenn (ANA) for Holding (Minor) at 16:37
Goalie Stats
Linus Ullmark (ANA), 37 saves from 43 shots - (0.860), L, 1-1-0, 60:00 minutes
Jake Oettinger (WSH), 28 saves from 30 shots - (0.933), W, 1-0-1, 60:00 minutes
Players Stats for Anaheim Ducks
Player Name G A P +/- PIM S H SB GA TA FO MP PP MP PK MP
------------------------------------------------------------------------------------
Alex Killorn 0 0 0 -1 2 0 3 1 0 0 0/3 18:01 1:30 3:42
Alexandre Texier 0 0 0 -2 0 1 3 1 0 0 0/1 12:35 0:00 1:35
Alexey Toropchenko 0 0 0 0 2 0 2 0 0 1 0/0 8:25 0:00 0:00
Brayden Schenn 0 1 1 -1 2 3 2 0 1 0 0/1 18:37 1:55 3:59
Brenden Dillon 0 0 0 -2 0 1 4 1 0 0 0/0 15:33 0:00 4:09
Chandler Stephenson 0 0 0 -2 0 1 0 0 0 0 1/4 13:18 0:00 2:38
Esa Lindell 0 0 0 -1 0 4 2 2 0 0 0/0 26:01 1:25 4:56
Ivan Provorov 0 0 0 -1 0 2 0 0 0 1 0/0 22:48 1:25 4:40
J.T. Compher 0 0 0 -2 0 2 0 0 0 0 3/7 15:40 0:00 5:06
John Tavares 2 0 2 -1 0 4 0 1 1 0 5/6 18:41 1:55 0:36
Josh Manson 0 0 0 -2 4 0 1 1 0 0 0/0 11:16 0:00 0:00
Joshua Morrissey 0 1 1 -1 2 0 2 1 0 2 0/0 25:05 2:00 3:07
Luke Evangelista 0 0 0 0 0 3 0 0 1 0 0/0 8:10 0:00 0:00
Mark Scheifele 0 0 0 -1 0 2 1 0 0 0 6/14 14:14 1:30 0:00
Mason Marchment 0 0 0 0 0 0 0 0 0 0 1/3 8:10 0:00 0:00
Morgan Rielly 0 0 0 -1 0 0 2 2 0 0 0/0 19:30 2:00 0:44
Nazem Kadri 0 0 0 -1 0 3 1 0 0 0 8/24 17:20 1:30 0:00
William Nylander 0 2 2 -1 0 4 0 1 0 0 0/2 17:42 1:55 0:00
Players Stats for Washington Capitals
Player Name G A P +/- PIM S H SB GA TA FO MP PP MP PK MP
------------------------------------------------------------------------------------
Alex Ovechkin 2 1 3 1 0 4 1 0 0 0 1/1 17:39 4:31 0:00
Brad Marchand 0 0 0 1 0 3 1 2 0 0 1/1 19:28 4:13 1:32
Derek Forbort 0 0 0 2 0 1 1 0 0 0 0/0 16:02 0:00 1:43
Drake Batherson 1 0 1 1 0 3 1 1 1 0 0/1 17:56 4:13 0:00
Fabian Zetterlund 1 0 1 1 0 2 1 0 1 0 1/1 9:10 0:00 0:00
Ian Cole 0 2 2 2 2 1 1 0 0 1 0/0 14:18 0:00 1:42
Jamie Oleksiak 0 0 0 0 0 2 1 4 0 0 0/0 25:56 4:11 1:43
Jason Robertson 1 1 2 1 0 2 1 0 0 0 0/2 17:39 4:31 0:00
John Carlson 0 0 0 0 0 0 0 1 0 0 0/0 19:40 4:37 0:00
Jordan Kyrou 0 1 1 1 0 4 0 0 0 0 1/3 16:57 4:13 1:03
Michael McLeod 0 0 0 1 0 3 1 1 0 1 5/8 10:42 0:00 1:32
Mikael Backlund 0 1 1 1 0 0 2 0 0 0 9/16 15:29 0:00 1:53
Nick Foligno 0 0 0 1 2 2 0 0 0 1 5/7 12:44 0:04 0:36
Nick Jensen 0 1 1 2 0 3 1 1 0 0 0/0 19:12 4:37 1:42
Nico Hischier 0 1 1 1 2 5 0 0 2 0 18/24 17:52 4:31 0:00
Owen Tippett 1 0 1 1 0 1 1 0 0 0 0/1 11:50 0:04 0:00
Thomas Harley 0 1 1 2 0 1 2 1 0 0 0/0 24:18 4:11 0:00
Yegor Chinakhov 0 0 0 1 0 6 1 0 0 0 0/0 9:40 0:04 0:14
3 Stars
1 - Alex Ovechkin (WSH)
2 - Jason Robertson (WSH)
3 - Drake Batherson (WSH)
Power Play
Anaheim Ducks - 2 on 3 Attempt(s) - 66.67%
Washington Capitals - 2 on 6 Attempt(s) - 33.33%
Penalty Kill
Anaheim Ducks - 4 on 6 Attempt(s) - 66.67%
- Score 0 goal in Penalty Kill
Washington Capitals - 1 on 3 Attempt(s) - 33.33%
- Score 0 goal in Penalty Kill
Team Stat
Anaheim Ducks - Hits : 23 - Faceoff Wins : 24 - Blocked Shots : 11 - Penalty Minutes : 12
Washington Capitals - Hits : 16 - Faceoff Wins : 41 - Blocked Shots : 11 - Penalty Minutes : 6
Official
Referees : Tj Luxmore and Morgan Macphee
Linesman : Trent Knorr and Scott Cherrey
Game Notes
No Game Note
Finance
Level 1 -- Attendance: 6000 (100.00%) -- Ticket Income $570,000
Level 2 -- Attendance: 5000 (100.00%) -- Ticket Income $275,000
Level 3 -- Attendance: 3000 (100.00%) -- Ticket Income $99,000
Level 4 -- Attendance: 5000 (100.00%) -- Ticket Income $110,000
Luxury Box -- Attendance: 1000 (100.00%) -- Ticket Income $195,000
Game was played at the Verizon Center.
Total Attendance: 20000 (100.00%)
Total Ticket Income: $1,249,000
Other Income: $437,150
Total Income: $1,686,150
Anaheim Ducks
5 vs 5 Forward
Center Left Wing Right Wing Time % Phy DF OF
1 Nazem Kadri John Tavares William Nylander 40 1 2 2
2 Mark Scheifele Brayden Schenn Alex Killorn 30 1 2 2
3 Chandler Stephenson J.T. Compher Alexandre Texier 20 1 2 2
4 Mason Marchment Alexey Toropchenko Luke Evangelista 10 1 2 2
5 vs 5 Defense
Defense Defense Time % Phy DF OF
1 Esa Lindell Joshua Morrissey 40 1 2 2
2 Ivan Provorov Morgan Rielly 35 1 2 2
3 Brenden Dillon Josh Manson 25 1 2 2
4 Esa Lindell Ivan Provorov 0 1 2 2
PowerPlay Forward
Center Left Wing Right Wing Time % Phy DF OF
1 John Tavares Brayden Schenn William Nylander 60 1 1 3
2 Nazem Kadri Alex Killorn Mark Scheifele 40 1 1 3
PowerPlay Defense
Defense Defense Time % Phy DF OF
1 Morgan Rielly Joshua Morrissey 60 1 1 3
2 Ivan Provorov Esa Lindell 40 1 2 2
Penalty Kill 4 Players Forward
Center Wing Time % Phy DF OF
1 J.T. Compher Brayden Schenn 60 1 3 1
2 Chandler Stephenson Alex Killorn 40 1 3 1
Penalty Kill 4 Players Defense
Defense Defense Time % Phy DF OF
1 Esa Lindell Ivan Provorov 60 1 3 1
2 Joshua Morrissey Brenden Dillon 40 1 3 1
Penalty Kill - 3 Players Forward
Forward Time % Phy DF OF
1 J.T. Compher 60 1 4 0
2 Brayden Schenn 40 1 4 0
Penalty Kill - 3 Players Defense
Defense Defense Time % Phy DF OF
1 Esa Lindell Ivan Provorov 60 1 4 0
2 Joshua Morrissey Brenden Dillon 40 1 4 0
4 vs 4 Forward
Center Wing Time % Phy DF OF
1 John Tavares William Nylander 60 1 2 2
2 Nazem Kadri Brayden Schenn 40 1 2 2
4 vs 4 Defense
Defense Defense Time % Phy DF OF
1 Esa Lindell Joshua Morrissey 60 1 2 2
2 Morgan Rielly Ivan Provorov 40 1 2 2
Last Minutes Offensive
Center Left Wing Right Wing Defense Defense
Nazem Kadri John Tavares William Nylander Joshua Morrissey Morgan Rielly
Last Minutes Defensive
Center Left Wing Right Wing Defense Defense
J.T. Compher Alex Killorn Brayden Schenn Ivan Provorov Esa Lindell
Goaltenders
Starting : Linus Ullmark
Backup : James Reimer
Extra Forwards
Normal : William Nylander, John Tavares, Nazem Kadri - PP : William Nylander, John Tavares - PK : Alex Killorn
Extra Defensemen
Normal : Esa Lindell, Morgan Rielly, Brenden Dillon - PP : Joshua Morrissey - PK : Esa Lindell, Ivan Provorov
Penalty Shots
Alexandre Texier, Brenden Dillon, Mark Scheifele, John Tavares, Brayden Schenn
Scratches
Jakob Chychrun (Healthy)
Washington Capitals
5 vs 5 Forward
Center Left Wing Right Wing Time % Phy DF OF
1 Nico Hischier Alex Ovechkin Jason Robertson 30 1 2 2
2 Mikael Backlund Brad Marchand Drake Batherson 30 1 2 2
3 Nick Foligno Owen Tippett Jordan Kyrou 25 1 2 2
4 Michael McLeod Yegor Chinakhov Fabian Zetterlund 15 1 2 2
5 vs 5 Defense
Defense Defense Time % Phy DF OF
1 John Carlson Jamie Oleksiak 30 1 2 2
2 Thomas Harley Derek Forbort 30 1 2 2
3 Ian Cole Nick Jensen 25 1 2 2
4 Thomas Harley Jamie Oleksiak 15 1 2 2
PowerPlay Forward
Center Left Wing Right Wing Time % Phy DF OF
1 Nico Hischier Alex Ovechkin Jason Robertson 50 1 2 2
2 Jordan Kyrou Brad Marchand Drake Batherson 50 1 2 2
PowerPlay Defense
Defense Defense Time % Phy DF OF
1 John Carlson Nick Jensen 50 1 2 2
2 Thomas Harley Jamie Oleksiak 50 1 2 2
Penalty Kill 4 Players Forward
Center Wing Time % Phy DF OF
1 Mikael Backlund Nick Foligno 50 1 2 2
2 Michael McLeod Brad Marchand 50 1 2 2
Penalty Kill 4 Players Defense
Defense Defense Time % Phy DF OF
1 Derek Forbort Jamie Oleksiak 50 1 2 2
2 Nick Jensen Ian Cole 50 1 2 2
Penalty Kill - 3 Players Forward
Forward Time % Phy DF OF
1 Mikael Backlund 50 1 2 2
2 Michael McLeod 50 1 2 2
Penalty Kill - 3 Players Defense
Defense Defense Time % Phy DF OF
1 Derek Forbort Jamie Oleksiak 50 1 2 2
2 Nick Jensen Ian Cole 50 1 2 2
4 vs 4 Forward
Center Wing Time % Phy DF OF
1 Nico Hischier Alex Ovechkin 50 1 2 2
2 Jordan Kyrou Jason Robertson 50 1 2 2
4 vs 4 Defense
Defense Defense Time % Phy DF OF
1 John Carlson Nick Jensen 50 1 2 2
2 Thomas Harley Jamie Oleksiak 50 1 2 2
Last Minutes Offensive
Center Left Wing Right Wing Defense Defense
Nico Hischier Alex Ovechkin Jason Robertson John Carlson Thomas Harley
Last Minutes Defensive
Center Left Wing Right Wing Defense Defense
Mikael Backlund Brad Marchand Nick Foligno Derek Forbort Jamie Oleksiak
Goaltenders
Starting : Jake Oettinger
Backup : Sergei Bobrovsky
Extra Forwards
Normal : Jordan Kyrou, Nick Foligno, Owen Tippett - PP : Drake Batherson, Owen Tippett - PK : Jordan Kyrou
Extra Defensemen
Normal : Derek Forbort, Nick Jensen, Thomas Harley - PP : Derek Forbort - PK : Nick Jensen, Thomas Harley
Penalty Shots
Jason Robertson, Drake Batherson, Yegor Chinakhov, John Carlson, Jordan Kyrou
Scratches
Stefan Noesen (Healthy)
% Time on Ice - Anaheim Ducks
Lines # - Real PCT - Wanted PCT - Time Play
Normal Forward
1 - 34% - 40% - 16:13
2 - 27% - 30% - 12:50
3 - 22% - 20% - 10:34
4 - 17% - 10% - 8:10
Normal Defense
1 - 42% - 40% - 19:53
2 - 35% - 35% - 16:46
3 - 23% - 25% - 11:08
4 - 0% - 0% - 0:00
PP Forward
1 - 56% - 60% - 1:55
2 - 44% - 40% - 1:30
PP Defense
1 - 59% - 60% - 2:00
2 - 41% - 40% - 1:25
PK Forward
1 - 70% - 60% - 6:10
2 - 30% - 40% - 2:38
PK Defense
1 - 52% - 60% - 4:37
2 - 48% - 40% - 4:11
PK3 Forward
1 - 0% - 60%
2 - 0% - 40%
PK3 Defense
1 - 0% - 60%
2 - 0% - 40%
44 Forward
1 - 0% - 60%
2 - 0% - 40%
44 Defense
1 - 0% - 60%
2 - 0% - 40%
Last Minute Offensive - 0:00
Last Minute Defensive - 0:00
Total
Forward - 60:00
Defense - 60:00
|
% Time on Ice - Washington Capitals
Lines # - Real PCT - Wanted PCT - Time Play
Normal Forward
1 - 28% - 30% - 13:20
2 - 29% - 30% - 13:43
3 - 24% - 25% - 11:34
4 - 19% - 15% - 9:10
Normal Defense
1 - 31% - 30% - 15:03
2 - 32% - 30% - 15:10
3 - 26% - 25% - 12:37
4 - 10% - 15% - 4:57
PP Forward
1 - 52% - 50% - 4:35
2 - 48% - 50% - 4:13
PP Defense
1 - 52% - 50% - 4:37
2 - 48% - 50% - 4:11
PK Forward
1 - 55% - 50% - 1:53
2 - 45% - 50% - 1:32
PK Defense
1 - 50% - 50% - 1:43
2 - 50% - 50% - 1:42
PK3 Forward
1 - 0% - 50%
2 - 0% - 50%
PK3 Defense
1 - 0% - 50%
2 - 0% - 50%
44 Forward
1 - 0% - 50%
2 - 0% - 50%
44 Defense
1 - 0% - 50%
2 - 0% - 50%
Last Minute Offensive - 0:00
Last Minute Defensive - 0:00
Total
Forward - 60:00
Defense - 60:00
|
Play-by-Play
1st period
0:01 of 1st period - Nico Hischier wins face-off versus Nazem Kadri in neutral zone.
0:10 of 1st period - Wrist shot by Alex Ovechkin.
0:10 of 1st period - Stopped by Linus Ullmark without a rebound.
0:11 of 1st period - Mark Scheifele wins face-off versus Mikael Backlund in Anaheim Ducks zone.
0:19 of 1st period - Off-side.
0:20 of 1st period - Mark Scheifele wins face-off versus Drake Batherson in neutral zone.
0:25 of 1st period - Wrist shot by Mark Scheifele.
0:25 of 1st period - Shot Misses the Net.
1:22 of 1st period - Wrist shot by Brad Marchand.
1:22 of 1st period - Stopped by Linus Ullmark with a rebound.
1:24 of 1st period - Slapshot by Mikael Backlund.
1:24 of 1st period - Shot Misses the Net.
1:43 of 1st period - Minor Penalty to Alex Killorn for Cross-checking.
1:44 of 1st period - Nico Hischier wins face-off versus Alexandre Texier in Anaheim Ducks zone.
1:44 of 1st period - Slapshot by Alex Ovechkin.
1:44 of 1st period - Stopped by Linus Ullmark with a rebound.
1:46 of 1st period - Slapshot by Nick Jensen.
1:46 of 1st period - Stopped by Linus Ullmark with a rebound.
1:48 of 1st period - Backhand shot by Jason Robertson.
1:48 of 1st period - Goal by Jason Robertson - Anaheim Ducks : 0 - Washington Capitals : 1.
1:49 of 1st period - John Tavares wins face-off versus Nick Foligno in neutral zone.
2:59 of 1st period - Wrist shot by Nazem Kadri.
2:59 of 1st period - Shot Misses the Net.
3:01 of 1st period - Slapshot by Joshua Morrissey.
3:01 of 1st period - Shot Blocked by John Carlson.
3:03 of 1st period - Slapshot by Esa Lindell.
3:03 of 1st period - Stopped by Jake Oettinger without a rebound.
3:04 of 1st period - Nico Hischier wins face-off versus Chandler Stephenson in Washington Capitals zone.
3:21 of 1st period - Wrist shot by Alex Ovechkin.
3:21 of 1st period - Goal by Alex Ovechkin - Anaheim Ducks : 0 - Washington Capitals : 2.
3:22 of 1st period - Nazem Kadri wins face-off versus Nick Foligno in neutral zone.
3:46 of 1st period - Icing by Josh Manson.
3:47 of 1st period - Nico Hischier wins face-off versus Chandler Stephenson in Anaheim Ducks zone.
4:18 of 1st period - Snap shot by John Tavares.
4:18 of 1st period - Shot Misses the Net.
4:22 of 1st period - Snap shot by William Nylander.
4:22 of 1st period - Shot Blocked by Michael McLeod.
4:40 of 1st period - Wrist shot by Jordan Kyrou.
4:40 of 1st period - Shot Blocked by Esa Lindell.
4:42 of 1st period - Snap shot by Nick Foligno.
4:42 of 1st period - Stopped by Linus Ullmark with a rebound.
5:10 of 1st period - Minor Penalty to Alexey Toropchenko for Roughing.
5:11 of 1st period - Brad Marchand wins face-off versus J.T. Compher in Anaheim Ducks zone.
5:49 of 1st period - Esa Lindell is hit by Alex Ovechkin and loses puck.
7:10 of 1st period - Penalty to Alexey Toropchenko is over, Alexey Toropchenko is back on ice.
7:15 of 1st period - Snap shot by John Tavares.
7:15 of 1st period - Shot Misses the Net.
7:25 of 1st period - Snap shot by Yegor Chinakhov.
7:25 of 1st period - Stopped by Linus Ullmark without a rebound.
7:26 of 1st period - Michael McLeod wins face-off versus Nazem Kadri in Anaheim Ducks zone.
7:29 of 1st period - Wrist shot by Yegor Chinakhov.
7:29 of 1st period - Stopped by Linus Ullmark with a rebound.
8:07 of 1st period - Icing by Nick Jensen.
8:08 of 1st period - Chandler Stephenson wins face-off versus Nico Hischier in Washington Capitals zone.
8:18 of 1st period - Wrist shot by Jason Robertson.
8:18 of 1st period - Shot Misses the Net.
8:20 of 1st period - Wrist shot by Nico Hischier.
8:20 of 1st period - Stopped by Linus Ullmark with a rebound.
8:22 of 1st period - Snap shot by Nico Hischier.
8:22 of 1st period - Stopped by Linus Ullmark with a rebound.
8:24 of 1st period - Slapshot by Nick Jensen.
8:24 of 1st period - Shot Misses the Net.
8:30 of 1st period - Minor Penalty to Josh Manson for High sticking.
8:31 of 1st period - J.T. Compher wins face-off versus Jason Robertson in Anaheim Ducks zone.
8:58 of 1st period - Drake Batherson is hit by Alex Killorn and loses puck.
9:23 of 1st period - Jason Robertson is hit by Brenden Dillon.
10:30 of 1st period - Penalty to Josh Manson is over, Josh Manson is back on ice.
10:42 of 1st period - Backhand shot by Luke Evangelista.
10:42 of 1st period - Stopped by Jake Oettinger without a rebound.
10:43 of 1st period - Michael McLeod wins face-off versus Mason Marchment in Washington Capitals zone.
10:50 of 1st period - Snap shot by Yegor Chinakhov.
10:50 of 1st period - Shot Misses the Net.
10:52 of 1st period - Wrist shot by Yegor Chinakhov.
10:52 of 1st period - Stopped by Linus Ullmark with a rebound.
10:54 of 1st period - Snap shot by Thomas Harley.
10:54 of 1st period - Shot Blocked by Brenden Dillon.
11:05 of 1st period - Thomas Harley is hit by Josh Manson and loses puck.
11:26 of 1st period - Wrist shot by Luke Evangelista.
11:26 of 1st period - Shot Misses the Net.
11:32 of 1st period - Michael McLeod is hit by Brenden Dillon and loses puck.
11:36 of 1st period - Icing by Jamie Oleksiak.
11:37 of 1st period - Nazem Kadri wins face-off versus Michael McLeod in Washington Capitals zone.
11:38 of 1st period - Wrist shot by William Nylander.
11:38 of 1st period - Stopped by Jake Oettinger with a rebound.
12:10 of 1st period - Wrist shot by Yegor Chinakhov.
12:10 of 1st period - Shot Misses the Net.
12:12 of 1st period - Snap shot by Jamie Oleksiak.
12:12 of 1st period - Stopped by Linus Ullmark with a rebound.
12:22 of 1st period - Snap shot by Yegor Chinakhov.
12:22 of 1st period - Shot Misses the Net.
12:24 of 1st period - Slapshot by Yegor Chinakhov.
12:24 of 1st period - Stopped by Linus Ullmark with a rebound.
12:26 of 1st period - Snap shot by Jamie Oleksiak.
12:26 of 1st period - Shot Misses the Net.
12:28 of 1st period - Slapshot by Jamie Oleksiak.
12:28 of 1st period - Shot Misses the Net.
12:30 of 1st period - Wrist shot by Yegor Chinakhov.
12:30 of 1st period - Stopped by Linus Ullmark with a rebound.
12:32 of 1st period - Wrist shot by Jamie Oleksiak.
12:32 of 1st period - Shot Misses the Net.
12:34 of 1st period - Snap shot by Michael McLeod.
12:34 of 1st period - Shot Misses the Net.
12:36 of 1st period - Snap shot by Fabian Zetterlund.
12:36 of 1st period - Shot Blocked by William Nylander.
12:38 of 1st period - Wrist shot by Michael McLeod.
12:38 of 1st period - Shot Misses the Net.
12:40 of 1st period - Slapshot by Jamie Oleksiak.
12:40 of 1st period - Stopped by Linus Ullmark without a rebound.
12:41 of 1st period - Mark Scheifele wins face-off versus Nico Hischier in Anaheim Ducks zone.
13:14 of 1st period - Wrist shot by Brad Marchand.
13:14 of 1st period - Shot Misses the Net.
13:24 of 1st period - Ivan Provorov is hit by Mikael Backlund and loses puck.
13:45 of 1st period - Wrist shot by Jordan Kyrou.
13:45 of 1st period - Shot Misses the Net.
14:16 of 1st period - Wrist shot by Alexey Toropchenko.
14:16 of 1st period - Shot Misses the Net.
15:16 of 1st period - Minor Penalty to Josh Manson for Slashing.
15:17 of 1st period - Nico Hischier wins face-off versus J.T. Compher in Anaheim Ducks zone.
15:54 of 1st period - Wrist shot by Jordan Kyrou.
15:54 of 1st period - Stopped by Linus Ullmark with a rebound.
16:40 of 1st period - Jordan Kyrou is hit by Alex Killorn and loses puck.
17:16 of 1st period - Penalty to Josh Manson is over, Josh Manson is back on ice.
17:18 of 1st period - Wrist shot by J.T. Compher.
17:18 of 1st period - Stopped by Jake Oettinger without a rebound.
17:19 of 1st period - Nazem Kadri wins face-off versus Owen Tippett in Washington Capitals zone.
17:27 of 1st period - Slapshot by Nazem Kadri.
17:27 of 1st period - Stopped by Jake Oettinger without a rebound.
17:28 of 1st period - Nick Foligno wins face-off versus Nazem Kadri in Washington Capitals zone.
17:36 of 1st period - Off-side.
17:37 of 1st period - Nick Foligno wins face-off versus William Nylander in neutral zone.
17:47 of 1st period - Minor Penalty to Nick Foligno for Roughing.
17:48 of 1st period - John Tavares wins face-off versus Mikael Backlund in Washington Capitals zone.
18:23 of 1st period - Wrist shot by Michael McLeod.
18:23 of 1st period - Stopped by Linus Ullmark with a rebound.
18:29 of 1st period - Snap shot by Brad Marchand.
18:29 of 1st period - Stopped by Linus Ullmark with a rebound.
18:31 of 1st period - Slapshot by Michael McLeod.
18:31 of 1st period - Shot Misses the Net.
18:33 of 1st period - Slapshot by Ian Cole.
18:33 of 1st period - Stopped by Linus Ullmark with a rebound.
19:10 of 1st period - Icing by Ivan Provorov.
19:11 of 1st period - Mikael Backlund wins face-off versus John Tavares in Anaheim Ducks zone.
19:14 of 1st period - Slapshot by Jordan Kyrou.
19:14 of 1st period - Shot Misses the Net.
19:16 of 1st period - Wrist shot by Michael McLeod.
19:16 of 1st period - Stopped by Linus Ullmark with a rebound.
19:34 of 1st period - Wrist shot by Mark Scheifele.
19:34 of 1st period - Stopped by Jake Oettinger with a rebound.
19:36 of 1st period - Wrist shot by Esa Lindell.
19:36 of 1st period - Stopped by Jake Oettinger with a rebound.
19:47 of 1st period - Penalty to Nick Foligno is over, Nick Foligno is back on ice.
19:58 of 1st period - John Carlson is hit by Joshua Morrissey and loses puck.
Goals for this period are 0 for Anaheim Ducks vs 2 for Washington Capitals.
Shots for this period are 7 for Anaheim Ducks vs 21 for Washington Capitals.
2nd period
0:01 of 2nd period - Mikael Backlund wins face-off versus Nazem Kadri in neutral zone.
0:12 of 2nd period - Snap shot by Drake Batherson.
0:12 of 2nd period - Shot Blocked by Joshua Morrissey.
0:16 of 2nd period - Wrist shot by Drake Batherson.
0:16 of 2nd period - Stopped by Linus Ullmark with a rebound.
0:26 of 2nd period - Nico Hischier is hit by Brayden Schenn and loses puck.
1:52 of 2nd period - Snap shot by Mark Scheifele.
1:52 of 2nd period - Deflect By Brayden Schenn.
1:52 of 2nd period - Stopped by Jake Oettinger without a rebound.
1:53 of 2nd period - Nico Hischier wins face-off versus Mark Scheifele in Washington Capitals zone.
2:02 of 2nd period - Brayden Schenn is hit by Thomas Harley.
2:06 of 2nd period - Josh Manson is hit by Derek Forbort and loses puck.
2:31 of 2nd period - Slapshot by Alex Ovechkin.
2:31 of 2nd period - Shot Misses the Net.
2:34 of 2nd period - Icing by Josh Manson.
2:35 of 2nd period - Mikael Backlund wins face-off versus Mark Scheifele in Anaheim Ducks zone.
2:36 of 2nd period - Slapshot by Drake Batherson.
2:36 of 2nd period - Goal by Drake Batherson - Anaheim Ducks : 0 - Washington Capitals : 3.
2:37 of 2nd period - Nazem Kadri wins face-off versus Mikael Backlund in neutral zone.
3:31 of 2nd period - Snap shot by Alex Ovechkin.
3:31 of 2nd period - Shot Blocked by Alexandre Texier.
3:33 of 2nd period - Wrist shot by Nico Hischier.
3:33 of 2nd period - Stopped by Linus Ullmark without a rebound.
3:34 of 2nd period - Mikael Backlund wins face-off versus Nazem Kadri in Anaheim Ducks zone.
4:08 of 2nd period - Wrist shot by John Tavares.
4:08 of 2nd period - Stopped by Jake Oettinger without a rebound.
4:09 of 2nd period - Mark Scheifele wins face-off versus Jordan Kyrou in Washington Capitals zone.
4:12 of 2nd period - Slapshot by Brayden Schenn.
4:12 of 2nd period - Shot Misses the Net.
4:14 of 2nd period - Slapshot by Ivan Provorov.
4:14 of 2nd period - Shot Misses the Net.
4:24 of 2nd period - Slapshot by Mark Scheifele.
4:24 of 2nd period - Shot Blocked by Nick Jensen.
4:26 of 2nd period - Slapshot by Brayden Schenn.
4:26 of 2nd period - Stopped by Jake Oettinger with a rebound.
5:00 of 2nd period - Slapshot by William Nylander.
5:00 of 2nd period - Stopped by Jake Oettinger with a rebound.
5:18 of 2nd period - Minor Penalty to Nico Hischier for Interference.
5:19 of 2nd period - Michael McLeod wins face-off versus William Nylander in Washington Capitals zone.
5:32 of 2nd period - Mikael Backlund is hit by Brayden Schenn.
5:52 of 2nd period - Icing by Mark Scheifele.
5:53 of 2nd period - Michael McLeod wins face-off versus Mark Scheifele in Anaheim Ducks zone.
5:56 of 2nd period - Snap shot by Brad Marchand.
5:56 of 2nd period - Shot Blocked by Alex Killorn.
6:12 of 2nd period - Snap shot by Mark Scheifele.
6:12 of 2nd period - Shot Misses the Net.
6:14 of 2nd period - Slapshot by Esa Lindell.
6:14 of 2nd period - Stopped by Jake Oettinger without a rebound.
6:15 of 2nd period - Mikael Backlund wins face-off versus Brayden Schenn in Washington Capitals zone.
6:23 of 2nd period - Off-side.
6:24 of 2nd period - John Tavares wins face-off versus Mikael Backlund in neutral zone.
6:35 of 2nd period - Snap shot by John Tavares.
6:35 of 2nd period - Goal by John Tavares - Anaheim Ducks : 1 - Washington Capitals : 3.
6:36 of 2nd period - Nazem Kadri wins face-off versus Mikael Backlund in neutral zone.
7:01 of 2nd period - Icing by Joshua Morrissey.
7:02 of 2nd period - Nick Foligno wins face-off versus Alex Killorn in Anaheim Ducks zone.
7:29 of 2nd period - John Tavares is hit by Drake Batherson and loses puck.
7:50 of 2nd period - Morgan Rielly is hit by Mikael Backlund and loses puck.
9:20 of 2nd period - Mikael Backlund is hit by Nazem Kadri and loses puck.
9:44 of 2nd period - Wrist shot by Drake Batherson.
9:44 of 2nd period - Shot Misses the Net.
10:06 of 2nd period - Backhand shot by John Tavares.
10:06 of 2nd period - Deflect By Nazem Kadri.
10:06 of 2nd period - Stopped by Jake Oettinger with a rebound.
10:08 of 2nd period - Slapshot by Ivan Provorov.
10:08 of 2nd period - Shot Blocked by Jamie Oleksiak.
10:10 of 2nd period - Snap shot by William Nylander.
10:10 of 2nd period - Stopped by Jake Oettinger with a rebound.
10:12 of 2nd period - Backhand shot by Nazem Kadri.
10:12 of 2nd period - Stopped by Jake Oettinger without a rebound.
10:13 of 2nd period - Alex Ovechkin wins face-off versus Mark Scheifele in Washington Capitals zone.
10:13 of 2nd period - Alex Ovechkin is hit by Esa Lindell.
10:20 of 2nd period - Off-side.
10:21 of 2nd period - Mark Scheifele wins face-off versus Jason Robertson in neutral zone.
10:24 of 2nd period - Slapshot by Mark Scheifele.
10:24 of 2nd period - Stopped by Jake Oettinger without a rebound.
10:25 of 2nd period - Nico Hischier wins face-off versus Mark Scheifele in Washington Capitals zone.
10:52 of 2nd period - Alexandre Texier is hit by Owen Tippett and loses puck.
11:03 of 2nd period - Slapshot by Nick Foligno.
11:03 of 2nd period - Stopped by Linus Ullmark with a rebound.
11:15 of 2nd period - Michael McLeod is hit by Joshua Morrissey and loses puck.
11:20 of 2nd period - Wrist shot by Luke Evangelista.
11:20 of 2nd period - Shot Misses the Net.
11:34 of 2nd period - Mark Scheifele is hit by Nick Jensen and loses puck.
12:50 of 2nd period - Ian Cole is hit by Alex Killorn.
13:00 of 2nd period - Yegor Chinakhov is hit by Morgan Rielly and loses puck.
13:34 of 2nd period - Icing by Morgan Rielly.
13:35 of 2nd period - Mason Marchment wins face-off versus Michael McLeod in Anaheim Ducks zone.
14:28 of 2nd period - Minor Penalty to Ian Cole for Hooking.
14:29 of 2nd period - John Tavares wins face-off versus Michael McLeod in Washington Capitals zone.
14:33 of 2nd period - Snap shot by John Tavares.
14:33 of 2nd period - Shot Blocked by Jamie Oleksiak.
14:35 of 2nd period - Slapshot by Joshua Morrissey.
14:35 of 2nd period - Shot Blocked by Brad Marchand.
14:37 of 2nd period - Wrist shot by John Tavares.
14:37 of 2nd period - Goal by John Tavares - Anaheim Ducks : 2 - Washington Capitals : 3.
14:38 of 2nd period - Nico Hischier wins face-off versus Nazem Kadri in neutral zone.
14:47 of 2nd period - Snap shot by Nico Hischier.
14:47 of 2nd period - Stopped by Linus Ullmark with a rebound.
14:54 of 2nd period - Joshua Morrissey is hit by Thomas Harley and loses puck.
15:05 of 2nd period - Mark Scheifele is hit by Jamie Oleksiak and loses puck.
15:36 of 2nd period - Slapshot by Mikael Backlund.
15:36 of 2nd period - Shot Blocked by Josh Manson.
16:17 of 2nd period - Slapshot by Jordan Kyrou.
16:17 of 2nd period - Stopped by Linus Ullmark with a rebound.
16:19 of 2nd period - Backhand shot by Nick Jensen.
16:19 of 2nd period - Stopped by Linus Ullmark without a rebound.
16:20 of 2nd period - Nico Hischier wins face-off versus Nazem Kadri in Anaheim Ducks zone.
16:32 of 2nd period - Minor Penalty to Joshua Morrissey for Hooking.
16:33 of 2nd period - J.T. Compher wins face-off versus Jordan Kyrou in Anaheim Ducks zone.
17:51 of 2nd period - Snap shot by Alex Killorn.
17:51 of 2nd period - Shot Misses the Net.
17:53 of 2nd period - Wrist shot by Alexandre Texier.
17:53 of 2nd period - Stopped by Jake Oettinger without a rebound.
17:54 of 2nd period - Jordan Kyrou wins face-off versus Alex Killorn in Washington Capitals zone.
18:32 of 2nd period - Penalty to Joshua Morrissey is over, Joshua Morrissey is back on ice.
Goals for this period are 2 for Anaheim Ducks vs 1 for Washington Capitals.
Shots for this period are 12 for Anaheim Ducks vs 7 for Washington Capitals.
3rd period
0:01 of 3rd period - John Tavares wins face-off versus Nico Hischier in neutral zone.
0:05 of 3rd period - Off-side.
0:06 of 3rd period - Nazem Kadri wins face-off versus Nico Hischier in neutral zone.
0:55 of 3rd period - Off-side.
0:56 of 3rd period - Nick Foligno wins face-off versus J.T. Compher in neutral zone.
1:21 of 3rd period - Wrist shot by Jordan Kyrou.
1:21 of 3rd period - Shot Misses the Net.
1:27 of 3rd period - John Carlson is hit by Brenden Dillon.
1:55 of 3rd period - Wrist shot by J.T. Compher.
1:55 of 3rd period - Shot Blocked by Jamie Oleksiak.
1:57 of 3rd period - Snap shot by J.T. Compher.
1:57 of 3rd period - Stopped by Jake Oettinger with a rebound.
1:59 of 3rd period - Wrist shot by Chandler Stephenson.
1:59 of 3rd period - Shot Blocked by Jamie Oleksiak.
2:01 of 3rd period - Snap shot by Brenden Dillon.
2:01 of 3rd period - Stopped by Jake Oettinger with a rebound.
2:03 of 3rd period - Snap shot by Brenden Dillon.
2:03 of 3rd period - Shot Misses the Net.
2:49 of 3rd period - Jamie Oleksiak is hit by Alexandre Texier and loses puck.
3:31 of 3rd period - Snap shot by Jordan Kyrou.
3:31 of 3rd period - Stopped by Linus Ullmark with a rebound.
3:46 of 3rd period - Off-side.
3:47 of 3rd period - Nico Hischier wins face-off versus Nazem Kadri in neutral zone.
3:56 of 3rd period - Snap shot by Nico Hischier.
3:56 of 3rd period - Stopped by Linus Ullmark with a rebound.
3:58 of 3rd period - Snap shot by Thomas Harley.
3:58 of 3rd period - Stopped by Linus Ullmark with a rebound.
4:00 of 3rd period - Snap shot by Jason Robertson.
4:00 of 3rd period - Stopped by Linus Ullmark with a rebound.
4:02 of 3rd period - Wrist shot by Jason Robertson.
4:02 of 3rd period - Shot Misses the Net.
4:04 of 3rd period - Slapshot by Thomas Harley.
4:04 of 3rd period - Shot Misses the Net.
4:42 of 3rd period - Thomas Harley is hit by Alexey Toropchenko and loses puck.
4:55 of 3rd period - Slapshot by Thomas Harley.
4:55 of 3rd period - Shot Blocked by Morgan Rielly.
4:57 of 3rd period - Slapshot by Derek Forbort.
4:57 of 3rd period - Stopped by Linus Ullmark without a rebound.
4:58 of 3rd period - Nico Hischier wins face-off versus Nazem Kadri in Anaheim Ducks zone.
5:44 of 3rd period - Alexey Toropchenko is hit by Yegor Chinakhov and loses puck.
5:53 of 3rd period - Snap shot by Yegor Chinakhov.
5:53 of 3rd period - Stopped by Linus Ullmark without a rebound.
5:54 of 3rd period - Nazem Kadri wins face-off versus Nico Hischier in Anaheim Ducks zone.
5:54 of 3rd period - Nazem Kadri is hit by Jason Robertson.
5:57 of 3rd period - Icing by William Nylander.
5:58 of 3rd period - Nico Hischier wins face-off versus Nazem Kadri in Anaheim Ducks zone.
6:25 of 3rd period - Jason Robertson is hit by Morgan Rielly and loses puck.
6:34 of 3rd period - Slapshot by Luke Evangelista.
6:34 of 3rd period - Shot Misses the Net.
6:36 of 3rd period - Wrist shot by Mason Marchment.
6:36 of 3rd period - Shot Misses the Net.
7:14 of 3rd period - Slapshot by Esa Lindell.
7:14 of 3rd period - Deflect By Thomas Harley.
7:14 of 3rd period - Stopped by Jake Oettinger with a rebound.
7:20 of 3rd period - William Nylander is hit by Fabian Zetterlund and loses puck.
7:49 of 3rd period - Nick Foligno is hit by Brenden Dillon and loses puck.
9:48 of 3rd period - Snap shot by Fabian Zetterlund.
9:48 of 3rd period - Deflect By Michael McLeod.
9:48 of 3rd period - Shot Blocked by Morgan Rielly.
9:48 of 3rd period - Puck is out of play.
9:49 of 3rd period - Fabian Zetterlund wins face-off versus Mason Marchment in Anaheim Ducks zone.
9:52 of 3rd period - Wrist shot by Fabian Zetterlund.
9:52 of 3rd period - Deflect By Yegor Chinakhov.
9:52 of 3rd period - Shot Misses the Net.
9:52 of 3rd period - Puck is out of play.
9:53 of 3rd period - Michael McLeod wins face-off versus Nazem Kadri in Anaheim Ducks zone.
10:02 of 3rd period - Wrist shot by Michael McLeod.
10:02 of 3rd period - Shot Hit the Post.
10:04 of 3rd period - Slapshot by Michael McLeod.
10:04 of 3rd period - Stopped by Linus Ullmark with a rebound.
10:06 of 3rd period - Slapshot by Nick Jensen.
10:06 of 3rd period - Shot Blocked by John Tavares.
10:08 of 3rd period - Slapshot by Nick Jensen.
10:08 of 3rd period - Deflect By William Nylander.
10:08 of 3rd period - Stopped by Linus Ullmark with a rebound.
10:10 of 3rd period - Slapshot by Fabian Zetterlund.
10:10 of 3rd period - Stopped by Linus Ullmark without a rebound.
10:11 of 3rd period - Nico Hischier wins face-off versus Mark Scheifele in Anaheim Ducks zone.
10:44 of 3rd period - Slapshot by Brad Marchand.
10:44 of 3rd period - Stopped by Linus Ullmark without a rebound.
10:45 of 3rd period - Mikael Backlund wins face-off versus Nazem Kadri in Anaheim Ducks zone.
10:46 of 3rd period - Snap shot by Brad Marchand.
10:46 of 3rd period - Shot Misses the Net.
11:00 of 3rd period - Snap shot by John Tavares.
11:00 of 3rd period - Stopped by Jake Oettinger with a rebound.
11:02 of 3rd period - Slapshot by Ivan Provorov.
11:02 of 3rd period - Stopped by Jake Oettinger without a rebound.
11:03 of 3rd period - Nico Hischier wins face-off versus Alex Killorn in Washington Capitals zone.
11:14 of 3rd period - Wrist shot by Jason Robertson.
11:14 of 3rd period - Deflect By Alex Ovechkin.
11:14 of 3rd period - Shot Misses the Net.
11:14 of 3rd period - Puck is out of play.
11:15 of 3rd period - Nico Hischier wins face-off versus Nazem Kadri in Anaheim Ducks zone.
11:42 of 3rd period - Alex Ovechkin is hit by Alexandre Texier and loses puck.
11:49 of 3rd period - Wrist shot by Chandler Stephenson.
11:49 of 3rd period - Stopped by Jake Oettinger without a rebound.
11:50 of 3rd period - Mark Scheifele wins face-off versus Mikael Backlund in Washington Capitals zone.
11:53 of 3rd period - Snap shot by Brayden Schenn.
11:53 of 3rd period - Shot Blocked by Brad Marchand.
11:55 of 3rd period - Slapshot by Ivan Provorov.
11:55 of 3rd period - Stopped by Jake Oettinger with a rebound.
12:17 of 3rd period - Ivan Provorov is hit by Ian Cole and loses puck.
12:22 of 3rd period - Snap shot by Jordan Kyrou.
12:22 of 3rd period - Shot Misses the Net.
12:24 of 3rd period - Snap shot by Owen Tippett.
12:24 of 3rd period - Goal by Owen Tippett - Anaheim Ducks : 2 - Washington Capitals : 4.
12:25 of 3rd period - Nazem Kadri wins face-off versus Mikael Backlund in neutral zone.
12:45 of 3rd period - Drake Batherson is hit by Esa Lindell and loses puck.
13:22 of 3rd period - Off-side.
13:23 of 3rd period - Nick Foligno wins face-off versus Chandler Stephenson in neutral zone.
13:59 of 3rd period - Slapshot by Nazem Kadri.
13:59 of 3rd period - Shot Blocked by Drake Batherson.
14:01 of 3rd period - Snap shot by Nazem Kadri.
14:01 of 3rd period - Shot Misses the Net.
14:25 of 3rd period - Wrist shot by John Carlson.
14:25 of 3rd period - Shot Blocked by Esa Lindell.
14:40 of 3rd period - Snap shot by Fabian Zetterlund.
14:40 of 3rd period - Goal by Fabian Zetterlund - Anaheim Ducks : 2 - Washington Capitals : 5.
14:41 of 3rd period - Mikael Backlund wins face-off versus Nazem Kadri in neutral zone.
15:29 of 3rd period - Snap shot by Alex Ovechkin.
15:29 of 3rd period - Deflect By Jordan Kyrou.
15:29 of 3rd period - Stopped by Linus Ullmark with a rebound.
15:59 of 3rd period - Snap shot by William Nylander.
15:59 of 3rd period - Stopped by Jake Oettinger without a rebound.
16:00 of 3rd period - Mikael Backlund wins face-off versus Mark Scheifele in Washington Capitals zone.
16:07 of 3rd period - Snap shot by Brayden Schenn.
16:07 of 3rd period - Stopped by Jake Oettinger without a rebound.
16:08 of 3rd period - Mikael Backlund wins face-off versus Mark Scheifele in Washington Capitals zone.
16:08 of 3rd period - Mikael Backlund is hit by Mark Scheifele.
16:22 of 3rd period - Snap shot by Drake Batherson.
16:22 of 3rd period - Shot Misses the Net.
16:37 of 3rd period - Minor Penalty to Brayden Schenn for Holding.
16:38 of 3rd period - Nico Hischier wins face-off versus J.T. Compher in Anaheim Ducks zone.
17:14 of 3rd period - Snap shot by Drake Batherson.
17:14 of 3rd period - Stopped by Linus Ullmark without a rebound.
17:15 of 3rd period - J.T. Compher wins face-off versus Nico Hischier in Anaheim Ducks zone.
17:24 of 3rd period - Wrist shot by Alex Ovechkin.
17:24 of 3rd period - Goal by Alex Ovechkin - Anaheim Ducks : 2 - Washington Capitals : 6.
17:25 of 3rd period - Nico Hischier wins face-off versus Nazem Kadri in neutral zone.
17:32 of 3rd period - Snap shot by Nico Hischier.
17:32 of 3rd period - Shot Misses the Net.
18:15 of 3rd period - Owen Tippett is hit by Alexandre Texier and loses puck.
18:36 of 3rd period - Thomas Harley is hit by Alexey Toropchenko and loses puck.
18:55 of 3rd period - Esa Lindell is hit by Michael McLeod and loses puck.
19:09 of 3rd period - Slapshot by Luke Evangelista.
19:09 of 3rd period - Stopped by Jake Oettinger with a rebound.
19:29 of 3rd period - Snap shot by Luke Evangelista.
19:29 of 3rd period - Stopped by Jake Oettinger with a rebound.
19:31 of 3rd period - Slapshot by Alexey Toropchenko.
19:31 of 3rd period - Deflect By Luke Evangelista.
19:31 of 3rd period - Shot Blocked by Thomas Harley.
19:31 of 3rd period - Puck is out of play.
19:32 of 3rd period - Nico Hischier wins face-off versus Nazem Kadri in Washington Capitals zone.
19:59 of 3rd period - Ivan Provorov is hit by Brad Marchand and loses puck.
Goals for this period are 0 for Anaheim Ducks vs 3 for Washington Capitals.
Shots for this period are 11 for Anaheim Ducks vs 15 for Washington Capitals.
Back to the Top